 Dungeon Sprint DCSS version 0.20-a0-640-g62ed22f (webtiles) character file.

0 esc the Skirmisher (level 3, -4/20 HPs)
             Began as a Vine Stalker Fighter on Feb 12, 2017.
             Was an Initiate of Makhleb.
             Splashed by a jelly's acid (5 damage)
             ... in the Dungeon (Sprint VI: "Thunderdome").
             The game lasted 00:01:08 (89 turns).

esc the Skirmisher (Vine Stalker Fighter)             Turns: 89, Time: 00:01:08

Health: -4/20      AC:  6    Str: 19    XL:     3   Next: 33%
Magic:  0/7        EV:  8    Int: 13    God:    Makhleb [......]
Gold:   65         SH: 10    Dex: 20    Spells: 6/6 levels left

rFire    + . .     SeeInvis +   a - +0 rapier
rCold    . . .     Gourm    .   b - +0 scale mail
rNeg     . . .     Faith    +   c - +0 shield
rPois    .         Spirit   +   (no helmet)
rElec    .         Reflect  .   (no cloak)
rCorr    .         Harm     .   (no gloves)
MR       .....     NoTele   +   (no boots)
Stlth    ..........             q - amulet of Atocs {Faith Int+5}
Regen    0.1/turn               p - ring "Qigaji" {*Slow +Fly Dex+7 SInv}
MPRegen  0.1/turn               g - ring "Waotatoa" {Wiz rF+}

@: no status effects
A: fangs 2, magic shield, antimagic bite, no potion heal 3, rot immunity
a: Renounce Religion, Evoke Flight


You were in the Dungeon.
You worshipped Makhleb.
Makhleb was noncommittal.
You were not hungry.

You visited 1 branch You collected 200 gold pieces.
You spent 135 gold pieces at shops.

Inventory:

Hand Weapons
 a - a +0 rapier (weapon)
Armour
 b - a +0 scale mail (worn)
 c - a +0 shield (worn)
Jewellery
 g - the ring "Waotatoa" (left hand) {Wiz rF+}
   (You bought it in a shop in the Dungeon)

   [ring of wizardry]

   It improves your spell success rate.
   It protects you from fire.
 p - the ring "Qigaji" (right hand) {*Slow +Fly Dex+7 SInv}
   (You bought it in a shop in the Dungeon)

   [ring of flight]

   It affects your dexterity (+7).
   It lets you see invisible.
   It lets you fly.
   It may slow you when you take damage.
 q - the amulet of Atocs (around neck) {Faith Int+5}
   (You bought it in a shop in the Dungeon)

   [amulet of faith]

   It allows you to gain divine favour quickly.
   It affects your intelligence (+5).
Wands
 l - a wand of acid (5/15)
   (You found it in the Dungeon)
 m - a wand of iceblast (5/15)
   (You found it in the Dungeon)
Scrolls
 k - 4 scrolls of blinking {!r}
 n - 3 scrolls of fog
Potions
 d - a potion of might
 e - a potion of curing
 h - 4 potions of haste
 i - 2 potions of magic
 j - a potion of berserk rage {!q}
 o - a potion of resistance
Comestibles
 f - a bread ration {@e1}


   Skills:
 + Level 3.5 Fighting
 + Level 2.8 Short Blades
 + Level 3.1 Armour
 + Level 1.7 Dodging
 + Level 3.4 Shields
 + Level 2.1 Spellcasting
 + Level 1.5 Invocations


You had 6 spell levels left.
You didn't know any spells.

Dungeon Overview and Level Annotations

Branches:
Dungeon (1/1)

Altars:
Cheibriados
Dithmenos
Makhleb
Okawaru
Qazlal
Sif Muna
Uskayaw
Vehumet
Xom
Yredelemnul
Zin
The Shining One
Jiyva
Lugonu

Shops:
D *[%???:(!!!!


Innate Abilities, Weirdness & Mutations

You have extremely sharp teeth.
When hurt, damage is shared between your health and your magic reserves.
Your bite disrupts and absorbs the magic of your enemies.
Potions cannot restore your health.
You are immune to rotting.


Message History

n - 3 scrolls of fog;
h - 4 potions of haste (gained 3)
g - 4 potions of heal wounds (gained 3);
o - a potion of resistance You now have 200 gold pieces.
Okay, then.
Found a basalt altar of Yredelemnul and a corrupted altar of Lugonu.
Drop what? 15/52 slots (_ for help) (? for menu, Esc to quit)
You drop 4 potions of heal wounds.
Get ready!
Found a deep blue altar of Sif Muna and a shadowy altar of Dithmenos.
Found a viscous altar of Jiyva and a snail-covered altar of Cheibriados.
ROUND 1!
FIGHT!
Found Miseutre's Bee Food and Qiarph's Identification Station.
Found a radiant altar of Vehumet and a stormy altar of Qazlal.
Found Xanner's Jewellery and Plog's Advanced Armour.
There is an entrance to Xanner's Jewellery here.
g - a shimmering steel ring;
p - a vibrating steel ring
q - a pitted bronze amulet Thank you for shopping at Xanner's Jewellery!
Put on which piece of jewellery? (? for menu, Esc to quit)
You feel a strange surge of divine interest.
You feel clever.
q - the amulet of Atocs (around neck) {Faith Int+5} Put on which piece of jewellery? (? for menu, Esc to quit)
g - the ring "Waotatoa" (left hand) {Wiz rF+} Put on which piece of jewellery? (? for menu, Esc to quit)
You feel agile.
p - the ring "Qigaji" (right hand) {*Slow +Fly Dex+7 SInv} An ooze comes into view.
You hit the ooze. You bite the ooze, but do no damage.
The ooze barely misses you.
Your shield prevents you from hitting the ooze.
You bite the ooze, but do no damage. The ooze hits you but does no damage.
You puncture the ooze! You bite the ooze. You drain its power.
You kill the ooze!
Your Fighting skill increases to level 3!
Your Short Blades skill increases to level 2!
Your Dodging skill increases to level 1!
Your Spellcasting skill increases to level 1!
Health restored: 12 No target in view!
Found a hide-covered altar of Uskayaw.
Found Haiseby's Magic Scroll Shop.
Found three shops.
Found three altars.
There is a burning altar of Makhleb here.
You kneel at the altar of Makhleb.
Makhleb welcomes you!
Your amulet flashes!
MP restored: 3
Found a shimmering altar of Xom.
Found Bofi's Distillery.
Found Ziggo's Distillery and Kimoeb's Bottled Wisdom.
A jelly comes into view.
Found Perydusm's Do-It-Yourself Clinic.
Found a glowing silver altar of Zin.
You hit the jelly. The acid corrodes you!
Your hands burn!
You bite the jelly. You drain its power.
You feel invigorated. The jelly closely misses you.
You take 4 damage, and have 8/12 hp.
MASSIVE DAMAGE!!
You hit the jelly.
Your hands burn!
The jelly completely misses you.
You take 3 damage, and have 5/12 hp.
MASSIVE DAMAGE!!
You now have 2/3 mp.
You barely miss the jelly. You block the jelly's attack.
You hit the jelly.
Your hands burn!
* * * LOW HITPOINT WARNING * * *
You bite the jelly. You drain its power.
You feel invigorated.
You kill the jelly!
Makhleb accepts your kill.
Your Armour skill increases to level 3!
Your Shields skill increases to level 3!
Your Spellcasting skill increases to level 2!
Your Invocations skill increases to level 1!
You have reached level 2!
You have reached level 3!
Your experience leads to an increase in your attributes!
Your base attributes are Str 18, Int 8, Dex 13.
Increase (S)trength, (I)ntelligence, or (D)exterity?
You feel stronger.
You take 2 damage, and have 3/20 hp.
You regained 2 mp, and now have 4/7 mp.
You start resting.
A jelly comes into view.
You are no longer corroded.
You start resting.
A jelly comes into view.
You see here 4 potions of heal wounds.
You start resting.
MP restored: 7 The jelly quivers.
You are too injured to fight recklessly!
You are too injured to fight recklessly!
You hit the jelly.
Your hands burn!
* * * LOW HITPOINT WARNING * * *
You bite the jelly. You drain its power. The jelly hits you but does no damage.
You take 1 damage, and have 4/20 hp.
You hit the jelly.
Your hands burn!
* * * LOW HITPOINT WARNING * * *
The jelly hits you.
You are splashed with acid!
The acid burns!
* * * LOW HITPOINT WARNING * * *
You take 3 damage, and have 1/20 hp.
You now have 0/7 mp.
You puncture the jelly!
Your hands burn!
You die...

#_......._# #_......._#
###.........### #⌠...........⌠#
######.8.........8.######
##∩___......###......._.∩##
###∩........8.# #.8........∩###
#.............###.............#
#⌠..........###@..###..........⌠
#⌠..........# #.J.# #..........⌠
#⌠..........# #...# #..........⌠
##.............###.............#
###∩........8. #.8........∩###
##∩___......# #........_∩##
######.8.........8.######
#⌠...........⌠# ###. .###


You could see a jelly.

Vanquished Creatures
  A jelly (D)
  An ooze (D)
2 creatures vanquished.

Notes
Turn   | Place    | Note
-------+----------+-------------------------------------------
     0 | D        | esc the Vine Stalker Fighter began the quest for the Orb.
     0 | D        | Reached XP level 1. HP: 11/11 MP: 2/2
     1 | D        | Found a basalt altar of Yredelemnul.
     1 | D        | Found a corrupted altar of Lugonu.
     3 | D        | Found a deep blue altar of Sif Muna.
     3 | D        | Found a shadowy altar of Dithmenos.
     4 | D        | Found a viscous altar of Jiyva.
     4 | D        | Found a snail-covered altar of Cheibriados.
     5 | D        | Found Miseutre's Bee Food.
     5 | D        | Found a radiant altar of Vehumet.
     5 | D        | Found a stormy altar of Qazlal.
     5 | D        | Found Qiarph's Identification Station.
     5 | D        | Round 1.
     6 | D        | Found Xanner's Jewellery.
     6 | D        | Found Plog's Advanced Armour.
    14 | D        | Bought a shimmering steel ring for 45 gold pieces
    14 | D        | Bought a vibrating steel ring for 45 gold pieces
    14 | D        | Bought a pitted bronze amulet for 45 gold pieces
    14 | D        | Identified the amulet of Atocs {Faith Int+5} (You bought it in a shop in the Dungeon)
    15 | D        | Identified the ring "Waotatoa" {Wiz rF+} (You bought it in a shop in the Dungeon)
    16 | D        | Identified the ring "Qigaji" {*Slow +Fly Dex+7 SInv} (You bought it in a shop in the Dungeon)
    25 | D        | Reached skill level 3 in Fighting
    25 | D        | Reached skill level 2 in Short Blades
    25 | D        | Reached skill level 1 in Dodging
    25 | D        | Reached skill level 1 in Spellcasting
    27 | D        | Found a hide-covered altar of Uskayaw.
    28 | D        | Found Haiseby's Magic Scroll Shop.
    29 | D        | Found an iron altar of Okawaru.
    29 | D        | Found a glowing golden altar of the Shining One.
    29 | D        | Found a burning altar of Makhleb.
    29 | D        | Found Evoschar's Staff Store.
    29 | D        | Found Haosiyps's Magic Scroll Shop.
    29 | D        | Found Imitzeq's Must-Have Magic.
    37 | D        | Became a worshipper of Makhleb the Destroyer
    41 | D        | Found a shimmering altar of Xom.
    42 | D        | Found Bofi's Distillery.
    43 | D        | Found Ziggo's Distillery.
    43 | D        | Found Kimoeb's Bottled Wisdom.
    44 | D        | Found a glowing silver altar of Zin.
    44 | D        | Found Perydusm's Do-It-Yourself Clinic.
    44 | D        | Noticed a jelly
    54 | D        | HP: 1/12 [acid (4)]
    54 | D        | Killed a jelly
    54 | D        | Reached skill level 3 in Armour
    54 | D        | Reached skill level 3 in Shields
    54 | D        | Reached skill level 2 in Spellcasting
    54 | D        | Reached skill level 1 in Invocations
    54 | D        | Reached XP level 2. HP: 2/16 MP: 4/6
    54 | D        | Reached XP level 3. HP: 3/20 MP: 4/7
    87 | D        | HP: 4/20 [acid (1)]
    88 | D        | HP: 1/20 [acid (2)]
    89 | D        | Splashed by a jelly's acid

Vault maps used:
D:        arena_sprint

Skill      XL: |  1 |
---------------+----+-----
Fighting       | 3 |  3.5
Short Blades   | 2 |  2.8
Dodging        | 1 |  1.7
Spellcasting   | 2 |  2.1
Armour         | 3 |  3.1
Shields        | 3 |  3.4
Invocations    | 1 |  1.5

Action                   || total
-------------------------++-------
Melee: Rapier            ||    10
       Bite              ||     6
Armor: Scale mail        ||     2
Dodge: Dodged            ||     3
Block: Shield            ||     1

Vault maps used:
D:        arena_sprint

Table legend:
 A = Turns spent in this place as a percentage of turns spent in the entire game.
 B = Non-inter-level travel turns spent in this place as a percentage of non-inter-level travel turns spent in the entire game.
 C = Inter-level travel turns spent in this place as a percentage of turns spent in this place.
 D = Turns resting spent in this place as a percentage of non-inter-level travel turns spent in this place.
 E = Turns spent auto-exploring this place as a percentage of non-inter-level travel turns spent in this place.
 F = Non-inter-level travel turns spent in this place divided by the number of levels of this place that you've seen.
                   A       B       C       D       E      F
               +-------+-------+-------+-------+-------+----------------------
         Total | 100.0 | 100.0 |   0.0 |   7.6 |   0.0 |  79.0
       Dungeon | 100.0 | 100.0 |   0.0 |   7.6 |   0.0 |  79.0
               +-------+-------+-------+-------+-------+----------------------

Table legend:
 A = Kills in this place as a percentage of kills in entire the game.
 B = Kills by you in this place as a percentage of kills by you in the entire game.
 C = Kills by friends in this place as a percentage of kills by friends in the entire game.
 D = Other kills in this place as a percentage of other kills in the entire game.
 E = Experience gained in this place as a percentage of experience gained in the entire game.
 F = Experience gained in this place divided by the number of levels of this place that you have seen.
                   A       B       C       D       E      F
               +-------+-------+-------+-------+-------+----------------------
         Total | 100.0 | 100.0 |  -nan |  -nan | 100.0 |  50.0
       Dungeon | 100.0 | 100.0 |  -nan |  -nan | 100.0 |  50.0
               +-------+-------+-------+-------+-------+----------------------
